[Event "Live Chess"]
[Site "Chess.com"]
[Date "2023.05.20"]
[Round "-"]
[White "Bob2pen"]
[Black "BJAW87"]
[Result "1-0"]
[WhiteElo "1743"]
[BlackElo "1468"]
[TimeControl "300"]
[EndTime "9:24:02 PDT"]
[Termination "Bob2pen won by resignation"]

1. c4 e5 2. g3 d5 3. Bg2 e4 4. d3 f5 5. cxd5 Qxd5 6. Nc3 Bb4 7.
Qa4+ Nc6 8. Bd2 Bxc3 9. Bxc3 Nf6 10. Bxf6 gxf6 11. dxe4 fxe4 12. Bxe4 Qd7 13. Rd1 Qe6 14. Bd5 Qd7 15. Nf3 Ke7 16. Bxc6 bxc6 17. Rxd7+ Kxd7 1-0

[Event "Live Chess"]
[Site "Chess.com"]
[Date "2023.05.20"]
[Round "-"]
[White "OSmith06"]
[Black "SirEntrails"]
[Result "1-0"]
[WhiteElo "1746"]
[BlackElo "504"]
[TimeControl "300"]
[EndTime "9:24:09 PDT"]
[Termination "OSmith06 won by checkmate"]

1. e4 d5 2. exd5 Nf6 3. Nf3 Nxd5 4. d4 Bg4 5. Be2 e6 6. O-O Bb4 7. c3 Bd6 8. h3 Bxf3 9. Bxf3 O-O 10. c4 Nb6 11. Bxb7 Nxc4 12. Bxa8 Nc6 13. Bxc6 Na5 14. d5 Nxc6 15. dxc6 Qa8 16. Nc3 Qxc6 17. Be3 Bb4 18.
Rc1 Bxc3 19. Rxc3 Qe4 20. Rxc7 Rb8 21. Qd7 g6 22. Qxf7+ Kh8 23. Qg7# 1-0

[Event "Live Chess"]
[Site "Chess.com"]
[Date "2023.05.20"]
[Round "-"]
[White "Greenbecker"]
[Black "HoarseyHorsey"]
[Result "1-0"]
[WhiteElo "1705"]
[BlackElo "1387"]
[TimeControl "300"]
[EndTime "9:24:10 PDT"]
[Termination "Greenbecker won by resignation"]

1. e4 c5 2. Nf3 e6 3. d4 cxd4 4. Nxd4 Nf6 5. Nc3 Nc6 6. Bc4 Bb4 7. Nxc6 bxc6 8. e5 Nd5 9. Bxd5 cxd5 10. Qg4 Bxc3+ 11.
bxc3 g6 12. O-O Qc7 13. Qd4 d6 14. Bf4 O-O 15. exd6 Qd8 16. Bh6 f6 17. Bxf8 Qxf8 18. Qc5 Kg7 19. Rab1 Bd7 20. Rb7 Qe8 21. Rfb1 Rc8 22.
Qxa7 1-0

[Event "Live Chess"]
[Site "Chess.com"]
[Date "2023.05.20"]
[Round "-"]
[White "Hacker_2009"]
[Black "Vedant-1411"]
[Result "1-0"]
[WhiteElo "1928"]
[BlackElo "778"]
[TimeControl "300"]
[EndTime "9:24:12 PDT"]
[Termination "Hacker_2009 won by checkmate"]

1. d4 d5 2. Nf3 Nc6 3. e3 Nf6 4. c4 Be6 5. cxd5 Bxd5 6. Nc3 Be6 7. e4 Nxe4 8. Nxe4 Bf5 9. Nc3 Nb4 10. Qa4+ Nc6 11.
d5 Bd7 12. dxc6 Bxc6 13. Qb3 Qd6 14. Bc4 e6 15. Nb5 Qe7 16. Bf4 O-O-O 17. O-O Kb8 18.
Nxc7 Kc8 19. Nb5 Bxb5 20. Bxb5 a6 21. Rac1+ Qc7 22. Rxc7+ Kb8 23. Rxf7+ Ka8 24. Bxa6 bxa6 25. Qb7# 1-0

[Event "Live Chess"]
[Site "Chess.com"]
[Date "2023.05.20"]
[Round "-"]
[White "Chesscoach_Golichenko"]
[Black "chessleanstrategist"]
[Result "1-0"]
[WhiteElo "2644"]
[BlackElo "416"]
[TimeControl "300"]
[EndTime "9:24:13 PDT"]
[Termination "Chesscoach_Golichenko won by checkmate"]

1. d4 Nf6 2. c4 g6 3. Nc3 Bg7 4.
e4 d6 5. Be2 O-O 6. Bg5 Nbd7 7.
Qd2 a5 8. h4 h5 9. f3 b6 10. Nh3 c5 11. d5 Ne5 12. Nf2 Ba6 13.
b3 Nfd7 14. f4 Ng4 15. Nxg4 hxg4 16. Bxg4 f5 17. exf5 gxf5 18. Bf3 Nf6 19. O-O Nh7 20.
Rae1 Nxg5 21. hxg5 Re8 22. Re6 Rf8 23. Rfe1 Rf6 24. gxf6 Bxf6 25. Rxf6 exf6 26. Qf2 Kf7 27. Bh5+ Kg7 28. Qg3+ Kh6 29. Qg6# 1-0

[Event "Live Chess"]
[Site "Chess.com"]
[Date "2023.05.20"]
[Round "-"]
[White "gombofour"]
[Black "ZackirtyChess"]
[Result "0-1"]
[WhiteElo "870"]
[BlackElo "1147"]
[TimeControl "300"]
[EndTime "9:24:28 PDT"]
[Termination "ZackirtyChess won by resignation"]

1. d4 f5 2. c4 Nf6 3. Nc3 g6 4.
Nf3 Bg7 5. Bf4 O-O 6. Qd2 d6 7. Bh6 Nbd7 8. Bxg7 Kxg7 9. g3 e5 10. dxe5 dxe5 11. Rd1 e4 12. Ne5 b6 13. Nxd7 Bxd7 14. Bg2 Bc6 15. Qxd8 Raxd8 16. Rxd8 Rxd8 17. O-O Ng4 18.
h3 Nh6 19. f3 Rd2 20. fxe4 fxe4 21. Bxe4 Bxe4 22. Nxe4 Rxe2 23. Ng5 Rxb2 24. Ne6+ Kh8 25. Rf8+ Ng8 26. Nxc7 Rxa2 27. Nb5 Ra1+ 28. Kg2 Kg7 29. Ra8 a6 30. Nc7 a5 31. Ra7 Kf8 32. Ne6+ Ke8 33. Ng7+ Kf8 34. Ne6+ Ke8 35. Ra8+ Kf7 36. Ng5+ Kg7 37.
Ne6+ Kh8 38. Rb8 Rb1 39. c5 Rb2+ 40. Kf3 Rb3+ 41. Kg4 Rb4+ 42. Nf4 Kg7 43. h4 bxc5 44.
Rxb4 cxb4 45. Nd5 b3 46. Nc3 b2 47. Kf4 a4 48. Ke4 a3 49. Nb1 a2 50. Nc3 0-1

[Event "Live Chess"]
[Site "Chess.com"]
[Date "2023.05.20"]
[Round "-"]
[White "jk0110"]
[Black "Horseymobile"]
[Result "1-0"]
[WhiteElo "1078"]
[BlackElo "1238"]
[TimeControl "300"]
[EndTime "9:24:31 PDT"]
[Termination "jk0110 won by resignation"]

1. e4 c6 2. d4 d5 3. Nc3 dxe4 4. f3 e3 5. Bxe3 Nf6 6. Bc4 g6 7. Ne4 Bg7 8. Qd2 O-O 9. O-O-O Bf5 10. Nxf6+ Bxf6 11. Bh6 Bg7 12. Bxg7 Kxg7 13. g4 Bd7 14. h4 b5 15. Bb3 Qb6 16. h5 Na6 17. h6+ Kg8 18.
Qf4 Be6 19. Qe5 1-0

[Event "Live Chess"]
[Site "Chess.com"]
[Date "2023.05.20"]
[Round "-"]
[White "PackedNote"]
[Black "killershark69420"]
[Result "1-0"]
[WhiteElo "780"]
[BlackElo "296"]
[TimeControl "300"]
[EndTime "9:24:35 PDT"]
[Termination "PackedNote won by checkmate"]

1. e4 e5 2. Nf3 Nf6 3. Nxe5 Nxe4 4. Qe2 Nc5 5. Nc6+ Qe7 6. Nxe7 Bxe7 7. d4 Ne4 8. Qxe4 d5 9. Qe2 b5 10. Bg5 c5 11.
Qxe7# 1-0

[Event "Live Chess"]
[Site "Chess.com"]
[Date "2023.05.20"]
[Round "-"]
[White "Andysav3"]
[Black "MaximKhimchenko"]
[Result "1-0"]
[WhiteElo "1690"]
[BlackElo "1376"]
[TimeControl "300"]
[EndTime "9:24:40 PDT"]
[Termination "Andysav3 won by resignation"]

1. e4 c5 2. c3 Nc6 3. d4 cxd4 4. cxd4 d5 5. exd5 Qxd5 6. Nf3 Bg4 7. Nc3 Qa5 8. Be3 Rc8 9. h3 Bd7 10. Bd3 e6 11. a3 Qc7 12. O-O Bd6 13. Rc1 h5 14. Ne4 Qb8 15. b4 f5 16. Nxd6+ Qxd6 17. Qd2 Nf6 18. Bf4 Qe7 19. Rfe1 Kf7 20. Bxf5 1-0

[Event "Live Chess"]
[Site "Chess.com"]
[Date "2023.05.20"]
[Round "-"]
[White "YF22Raptor"]
[Black "Enhard"]
[Result "0-1"]
[WhiteElo "1022"]
[BlackElo "1387"]
[TimeControl "300"]
[EndTime "9:24:44 PDT"]
[Termination "Enhard won by checkmate"]

1. e4 c6 2. d4 d5 3. e5 Bf5 4.
Bd3 Bxd3 5. Qxd3 e6 6. c3 h6 7. Nf3 Ne7 8. Be3 Nf5 9. Nbd2 Nxe3 10. Qxe3 Be7 11. O-O Nd7 12. b4 b6 13. a4 c5 14.
Rab1 O-O 15. b5 cxd4 16. cxd4 Rc8 17. Rfc1 Rxc1+ 18. Rxc1 Bb4 19. Rb1 Bxd2 20. Qxd2 f6 21. exf6 Nxf6 22. h3 Ne4 23. Qd3 Qf6 24. Rc1 Qe7 25.
Rc2 Qb4 26. Ra2 Rc8 27. Kh2 Qd6+ 28. g3 Qf8 29. Kg2 Rc3 30. Qe2 Qf6 31. Ne5 Ng5 32. Nd7 Qe7 33. Ne5 Qf8 34. f4 Ne4 35. Rc2 Rxg3+ 36.
Kh2 Qxf4 37. Rc8+ Kh7 38. Kh1 Rxh3+ 39. Kg2 Qg3+ 40. Kf1 Rh1# 0-1

[Event "Live Chess"]
[Site "Chess.com"]
[Date "2023.05.20"]
[Round "-"]
[White "ConorMaclaud"]
[Black "BearFromUkraine"]
[Result "1-0"]
[WhiteElo "2125"]
[BlackElo "1187"]
[TimeControl "300"]
[EndTime "9:24:44 PDT"]
[Termination "ConorMaclaud won by resignation"]

1. Nf3 Nc6 2. d4 d5 3. c4 e6 4. Nc3 Nf6 5. Bg5 Be7 6. e3 O-O 7. Bd3 h6 8. Bh4 Bd7 9. O-O dxc4 10. Bxc4 a6 11. Bd3 Nd5 12. Bxe7 Qxe7 13. Nxd5 exd5 14. Rc1 Bg4 15. h3 Bxf3 16. Qxf3 Qf6 17. Qxd5 Rad8 18. Qe4 g6 19. Bxa6 Nxd4 20. exd4 Qxd4 21. Qxd4 Rxd4 22. Bxb7 1-0

[Event "Live Chess"]
[Site "Chess.com"]
[Date "2023.05.20"]
[Round "-"]
[White "flyingpuffins"]
[Black "DianaSpencer1"]
[Result "1-0"]
[WhiteElo "1983"]
[BlackElo "562"]
[TimeControl "300"]
[EndTime "9:24:45 PDT"]
[Termination "flyingpuffins won by resignation"]

1. d4 d5 2. e4 Nf6 3. e5 Ne4 4. Nd2 Nc5 5. dxc5 Nc6 6. Ngf3 f6 7. exf6 exf6 8. Bd3 Be6 9. O-O Bxc5 10. Re1 Qe7 11. Bf5 Bxf5 12. Rxe7+ Kxe7 13. Nb3 Nb4 14. Nxc5 Nxa2 15.
Rxa2 Rhd8 16. Qe2+ Kf7 17. Bf4 Re8 18. Qd2 g5 19.
Qxd5+ Re6 20. Bxc7 Bxc2 21. Qxe6+ Kg6 22. h4 Re8 23.
Qxe8+ 1-0

[Event "Live Chess"]
[Site "Chess.com"]
[Date "2023.05.20"]
[Round "-"]
[White "chrisbradgate"]
[Black "seasidecastle27"]
[Result "0-1"]
[WhiteElo "828"]
[BlackElo "1902"]
[TimeControl "300"]
[EndTime "9:24:53 PDT"]
[Termination "seasidecastle27 won by checkmate"]

1. d4 e6 2. Bf4 d5 3. e3 Bd6 4.
Bg3 Nf6 5. c3 Bxg3 6. hxg3 Nbd7 7. Bd3 Qe7 8. Nd2 e5 9. Qc2 e4 10. Bb5 c6 11. Ba4 b5 12. Bb3 a5 13. a3 a4 14. Ba2 Nb6 15. O-O-O Bg4 16. Re1 Nc4 17. Nxc4 bxc4 18. f3 exf3 19. gxf3 Bh5 20. g4 Bg6 21. Qh2 O-O 22. Nh3 Rfb8 23. Re2 Ra7 24. Nf4 Rab7 25. Nxg6 fxg6 26. g5 Nh5 27. Rg1 Rf8 28. f4 Qe8 29. Qg2 Re7 30. Qh3 Nxf4 31. exf4 Rxe2 32. Qg3 Qe3+ 33.
Qxe3 Rxe3 34. Rd1 Rxf4 35. Bb1 Rf2 36. Rd2 Re1+ 37. Kc2 Rff1 38. Ba2 Rc1# 0-1

[Event "Live Chess"]
[Site "Chess.com"]
[Date "2023.05.20"]
[Round "-"]
[White "Inglaterra"]
[Black "JormaIbo"]
[Result "1-0"]
[WhiteElo "2083"]
[BlackElo "428"]
[TimeControl "300"]
[EndTime "9:24:53 PDT"]
[Termination "Inglaterra won by checkmate"]

1. e4 e5 2. Nf3 Nc6 3. Bc4 Bc5 4. d3 Nf6 5. c3 d6 6. Bg5 h6 7. Bh4 Bg4 8. h3 Bd7 9. Nbd2 O-O 10. a3 Na5 11.
Ba2 c6 12. b4 Bb6 13. bxa5 Bxa5 14. Qc2 d5 15. Nxe5 Be6 16. O-O Bc7 17. d4 Bxe5 18.
dxe5 g5 19. exf6 gxh4 20. e5 Qc7 21. Bb1 Qxe5 22. Qh7# 1-0

[Event "Live Chess"]
[Site "Chess.com"]
[Date "2023.05.20"]
[Round "-"]
[White "alexlines8"]
[Black "JoeyCage"]
[Result "0-1"]
[WhiteElo "1271"]
[BlackElo "2313"]
[TimeControl "300"]
[EndTime "9:25:04 PDT"]
[Termination "JoeyCage won on time"]

1. e4 c5 2. c3 Nf6 3. f3 Nc6 4. d4 cxd4 5. cxd4 e6 6. Nc3 a6 7.
a4 Qb6 8. Nge2 Bb4 9. Be3 d5 10. e5 Nd7 11. Rb1 Ndxe5 12. Nf4 Na5 13. Be2 Nec4 14. Bxc4 Nxc4 15. Qd3 Nxe3 16. Qxe3 Bxc3+ 17. Qxc3 O-O 18. O-O Bd7 19. b3 Bc6 20. Nd3 Rac8 21.
Qb2 f6 22. Nc5 e5 23. Ne6 Rfe8 24. Nc5 exd4 25. Qxd4 Qc7 26. Rfe1 Qd6 27. Rxe8+ Rxe8 28. b4 Qe5 29. Qxe5 fxe5 30. Kf2 d4 31. Rd1 Kf7 32.
g4 b6 33. Nxa6 Bxa4 34. Ra1 Bb5 35. Nc7 Bc6 36. Nxe8 Bxe8 37. Re1 Kf6 38. h4 Bc6 39. Kg3 b5 40. Rd1 Ke6 41. f4 Kd5 42. fxe5 Kxe5 43. g5 Be4 44. Kg4 d3 45. h5 Kd4 0-1

[Event "Live Chess"]
[Site "Chess.com"]
[Date "2023.05.20"]
[Round "-"]
[White "PureMellowPlan"]
[Black "Garyaaa"]
[Result "0-1"]
[WhiteElo "603"]
[BlackElo "972"]
[TimeControl "300"]
[EndTime "9:25:04 PDT"]
[Termination "Garyaaa won by resignation"]

1. e4 c6 2. d4 d5 3. exd5 cxd5 4.
Nc3 Nc6 5. Nf3 Nf6 6. Bb5 a6 7.
Bxc6+ bxc6 8. Kf1 g6 9. g3 Bg7 10. Kg2 O-O 11. Re1 Bg4 12. Kg1 Qd7 13. Bf4 Nh5 14. Qd2 Nxf4 15. Qxf4 Rab8 16. b3 e6 17. Ne5 Qe7 18. Nxg4 Rb4 19. Nh6+ Bxh6 20. Qxh6 Rxd4 21. Re3 Rd2 22. g4 Rxc2 23. Rh3 f5 24. gxf5 Rxf5 25.
Qe3 Rfxf2 26. Rf3 Rxf3 27. Qxf3 Qg5+ 28. Kf1 Rxh2 29. Ne2 Rh4 30. Kf2 e5 31. Rg1 Rh2+ 32. Rg2 e4 33. Qf4 Qxg2+ 34. Ke3 Qxe2+ 0-1

[Event "Live Chess"]
[Site "Chess.com"]
[Date "2023.05.20"]
[Round "-"]
[White "BMT6"]
[Black "SupremeTactician"]
[Result "0-1"]
[WhiteElo "584"]
[BlackElo "2403"]
[TimeControl "300"]
[EndTime "9:25:04 PDT"]
[Termination "SupremeTactician won by checkmate"]

1. e4 e5 2. Nf3 Nc6 3. Nc3 Nf6 4. Bc4 Bc5 5. Ng5 O-O 6. Bxf7+ Rxf7 7. Nxf7 Kxf7 8. Nd5 d6 9. Nxf6 Qxf6 10. Qf3 Qxf3 11. gxf3 Nd4 12. O-O Nxf3+ 13. Kg2 Ng5 14. d3 Bh3+ 15. Kg1 Nf3+ 16. Kh1 Bxf1 17. Be3 Bxe3 18. fxe3 Bh3 19. d4 Ke6 20. d5+ Ke7 21. Rd1 Rf8 22.
Rd2 Nxd2 23. Kg1 Rf1# 0-1

[Event "Live Chess"]
[Site "Chess.com"]
[Date "2023.05.20"]
[Round "-"]
[White "JanMur7"]
[Black "ossie57"]
[Result "1-0"]
[WhiteElo "1976"]
[BlackElo "1854"]
[TimeControl "300"]
[EndTime "9:25:05 PDT"]
[Termination "JanMur7 won by checkmate"]

1. e4 d6 2. d4 Nf6 3. Nc3 Nbd7 4.
f4 e5 5. Nf3 exd4 6. Qxd4 Be7 7.
Bc4 O-O 8. Be3 c6 9. O-O-O b5 10. Bb3 a5 11. a4 c5 12. Qd2 c4 13. e5 dxe5 14.
fxe5 Ng4 15. Ba2 Nxe3 16. Qxe3 b4 17. Nd5 Bc5 18. Qe4 Rb8 19. Bxc4 h6 20. e6 Nf6 21. exf7+ Kh8 22. Nxf6 Qxf6 23. Qe5 Bg4 24. Qxc5 Qf4+ 25. Kb1 Rbc8 26. Ne5 Qxc4 27. Ng6+ Kh7 28. Nxf8+ Kh8 29. Ng6+ Kh7 30. f8=N+ Kg8 31. Qxc4+ Rxc4 32. Rd8 Kf7 33. Rf1+ Kg8 34. Ne6+ Kh7 35. Nef4 Bf5 36. Rh8# 1-0

[Event "Live Chess"]
[Site "Chess.com"]
[Date "2023.05.20"]
[Round "-"]
[White "yeetpizza74"]
[Black "toog"]
[Result "0-1"]
[WhiteElo "447"]
[BlackElo "2635"]
[TimeControl "300"]
[EndTime "9:25:23 PDT"]
[Termination "toog won by checkmate"]

1. e4 c6 2. d4 d5 3. exd5 cxd5 4.
Nf3 Nc6 5. Nc3 Bg4 6. Be2 Nf6 7. O-O e6 8. Ne5 Bxe2 9. Qxe2 Nxd4 10. Qd3 Nc6 11.
Bg5 Nxe5 12. Qb5+ Qd7 13. Qe2 Bd6 14. Bf4 Ng6 15. Bxd6 Qxd6 16. Rad1 O-O 17. Nb5 Qe5 18. Qxe5 Nxe5 19. Nc7 Rac8 20. Nb5 Rxc2 21. Nxa7 Rxb2 22. Ra1 Ra8 23. Rfb1 Rxb1+ 24. Rxb1 Rxa7 25. f4 Nc4 26. Rc1 h5 27. h3 Rxa2 28. g4 Ne4 29. gxh5 Ne3 30.
Rc7 Rg2+ 31. Kh1 Ng3# 0-1

[Event "Live Chess"]
[Site "Chess.com"]
[Date "2023.05.20"]
[Round "-"]
[White "AttackingSnowLeopard"]
[Black "ReeceHockton"]
[Result "1-0"]
[WhiteElo "1967"]
[BlackElo "328"]
[TimeControl "300"]
[EndTime "9:25:25 PDT"]
[Termination "AttackingSnowLeopard won by resignation"]

1. Nf3 Nc6 2. g3 e5 3. d3 f5 4.
Bg2 Nge7 5. O-O d6 6. e4 fxe4 7. dxe4 Bg4 8. Nc3 Bxf3 9. Bxf3 d5 10. exd5 Nxd5 11. Bxd5 Nd4 12. Be3 c5 13. Bxd4 cxd4 14. Qh5+ g6 15. Qxe5+ Be7 16. Qxh8+ Kd7 17. Qxd4 1-0

[Event "Live Chess"]
[Site "Chess.com"]
[Date "2023.05.20"]
[Round "-"]
[White "WelshTiger"]
[Black "Kr1xot4_XGOD"]
[Result "0-1"]
[WhiteElo "2450"]
[BlackElo "2199"]
[TimeControl "300"]
[EndTime "9:25:26 PDT"]
[Termination "Kr1xot4_XGOD won by checkmate"]

1. e4 c5 2. Nf3 e6 3. c3 d5 4.
exd5 exd5 5. d4 Nf6 6. Bb5+ Nc6 7.
O-O Bd6 8. dxc5 Bxc5 9. Nbd2 O-O 10. Nb3 Bd6 11. Bg5 a6 12. Be2 h6 13. Bxf6 gxf6 14. Qxd5 Bxh2+ 15. Kxh2 Qxd5 16. Rad1 Qf5 17. Bd3 Qf4+ 18.
Kg1 Bh3 19. Be2 Bxg2 20. Kxg2 Qg4+ 21. Kh2 Kh8 22. Rg1 Qf4+ 23. Kg2 Rg8+ 24. Kf1 Rxg1+ 25. Nxg1 Rg8 26. Nf3 Ne5 27. Rd4 Nxf3 28. Bxf3 Qxf3 29. Ke1 Rg1+ 30. Kd2 Qd1+ 31. Ke3 Re1+ 32. Kf4 Qe2 33. Rd2 Qe4+ 34. Kg3 Kg7 35. Nd4 h5 36. Nf3 Qg4+ 37.
Kh2 Qxf3 38. Rd4 Rh1# 0-1

[Event "Live Chess"]
[Site "Chess.com"]
[Date "2023.05.20"]
[Round "-"]
[White "EdenHazard8"]
[Black "thrithik"]
[Result "1-0"]
[WhiteElo "2103"]
[BlackElo "489"]
[TimeControl "300"]
[EndTime "9:25:26 PDT"]
[Termination "EdenHazard8 won by checkmate"]

1. e4 h6 2. Bc4 Nf6 3. Qf3 e6 4. Nc3 d5 5. exd5 exd5 6. Nxd5 Be6 7. Nxf6+ gxf6 8. Bxe6 fxe6 9. Nh3 Nc6 10. c3 Ne5 11. Qh5+ Ke7 12. Nf4 Bg7 13. d4 Re8 14. dxe5 Rf8 15.
Ng6+ Kd7 16. Nxf8+ Qxf8 17. O-O Qe7 18. Rd1+ Kc6 19. Qf3+ Kb6 20. Be3+ Ka6 21. Qe2+ Ka5 22. a4 fxe5 23. Qb5# 1-0

[Event "Live Chess"]
[Site "Chess.com"]
[Date "2023.05.20"]
[Round "-"]
[White "Olisingapore"]
[Black "Goblinbasher"]
[Result "1-0"]
[WhiteElo "1950"]
[BlackElo "1204"]
[TimeControl "300"]
[EndTime "9:25:36 PDT"]
[Termination "Olisingapore won by resignation"]

1. d4 f5 2. c4 Nf6 3. g3 e6 4. Bg2 Be7 5. Nc3 O-O 6. Nf3 d6 7. O-O Ne4 8. Qc2 Nxc3 9. bxc3 Qe8 10. Ba3 Nd7 11. Rfe1 Kh8 12. Nh4 Bxh4 13. gxh4 Qh5 14.
c5 d5 15. c6 Nf6 16. Bxf8 Qxh4 17. cxb7 Bxb7 18. Be7 Re8 19. Bxf6 Qxf6 20. Rab1 Bc8 21.
Qa4 Rf8 22. Qxa7 f4 23. Qxc7 Qg6 24. Rb8 f3 25. exf3 h6 26. Rxc8 Rxc8 27. Qxc8+ Kh7 28.
Qxe6 Qd3 29. Qxd5 Qxc3 30. Qe4+ Kh8 31. Qg6 1-0

[Event "Live Chess"]
[Site "Chess.com"]
[Date "2023.05.20"]
[Round "-"]
[White "peter-785"]
[Black "noobsmoker24"]
[Result "0-1"]
[WhiteElo "1147"]
[BlackElo "1372"]
[TimeControl "300"]
[EndTime "9:25:44 PDT"]
[Termination "noobsmoker24 won by resignation"]

1. e4 c6 2. Nf3 d5 3. exd5 cxd5 4. d4 Nc6 5. Bb5 Bf5 6. c3 e6 7. O-O Nf6 8. Ne5 Rc8 9. Qa4 Qb6 10. Nd2 Be7 11.
Bxc6+ bxc6 12. Qb3 Qd8 13. Qb7 c5 14. Nc6 Rc7 15.
Qb5 Qd7 16. Qb8+ Rc8 17. Qxa7 Qxc6 18. Qa3 cxd4 19. cxd4 Bxa3 0-1

[Event "Live Chess"]
[Site "Chess.com"]
[Date "2023.05.20"]
[Round "-"]
[White "hello505050"]
[Black "viktorskliarov"]
[Result "0-1"]
[WhiteElo "1071"]
[BlackElo "2644"]
[TimeControl "300"]
[EndTime "9:25:48 PDT"]
[Termination "viktorskliarov won by checkmate"]

1. e4 c5 2. Nf3 Nc6 3. Bb5 e6 4.
Bxc6 bxc6 5. Nc3 Ne7 6. d4 cxd4 7. Qxd4 Ng6 8. O-O Qb6 9. Qxb6 axb6 10. Be3 Bc5 11.
Bxc5 bxc5 12. a3 Ke7 13. b4 Ba6 14. Rfd1 cxb4 15. axb4 Rhb8 16. Rd4 e5 17. Rd2 Bc4 18. Rad1 Ra7 19. h4 f6 20. h5 Nf4 21. g3 Nxh5 22. g4 Nf4 23. g5 Rxb4 24. gxf6+ gxf6 25. Nh4 Be6 26. Nf5+ Bxf5 27. exf5 d5 28. f3 Ra3 29. Ne2 Rxf3 30. Nxf4 Rbxf4 31. c4 Rxc4 32. Kg2 Rxf5 33. Ra1 Rg4+ 34. Kh3 h5 35. Ra7+ Kd6 36. Ra6 Rf3+ 37.
Kh2 h4 38. Rc2 Rc4 39. Rb2 h3 40. Raa2 Rg4 41. Kh1 Rf1+ 42. Kh2 Rg2+ 43. Kxh3 Rxb2 44. Rxb2 d4 45. Rg2 c5 46. Rg6 c4 47. Kg2 Rf4 48. Kg3 c3 49. Rh6 c2 50. Rh1 d3 51.
Kg2 d2 52. Ra1 c1=Q 53. Ra6+ Qc6+ 54. Rxc6+ Kxc6 55. Kh2 d1=R 56. Kg2 Rd3 57. Kh1 Rf2 58. Kg1 Ra2 59. Kf1 Rd1# 0-1

[Event "Live Chess"]
[Site "Chess.com"]
[Date "2023.05.20"]
[Round "-"]
[White "NAZRIZ1977"]
[Black "RoaringKnights"]
[Result "1-0"]
[WhiteElo "2147"]
[BlackElo "918"]
[TimeControl "300"]
[EndTime "9:25:55 PDT"]
[Termination "NAZRIZ1977 won by checkmate"]

1. c4 c6 2. g3 d5 3. Bg2 Bf5 4. Nf3 e6 5. cxd5 cxd5 6. Qb3 Qc7 7. O-O Nc6 8. Nc3 Bc5 9. d3 Nf6 10. Bf4 Qb6 11. Qc2 O-O 12. Na4 Bxf2+ 13. Rxf2 Qd8 14.
h3 h6 15. g4 Bh7 16. Nc5 Qb6 17. g5 hxg5 18. Bxg5 Ne8 19. Nd7 Qa6 20. Nxf8 Kxf8 21. a3 Nc7 22. b4 Nb5 23. Qc5+ Kg8 24. a4 Nc7 25. b5 Nxb5 26. Qxb5 Qxb5 27. axb5 Nb4 28. b6 a6 29. Nd4 Nc6 30. Nxc6 bxc6 31. Rff1 Rb8 32. Rxa6 Bf5 33. Rb1 e5 34. b7 Kf8 35. Ra8 Rxa8 36. bxa8=Q+ Bc8 37. Qxc8# 1-0

[Event "Live Chess"]
[Site "Chess.com"]
[Date "2023.05.20"]
[Round "-"]
[White "JackRudd"]
[Black "therealab0ne"]
[Result "1-0"]
[WhiteElo "2414"]
[BlackElo "677"]
[TimeControl "300"]
[EndTime "9:25:55 PDT"]
[Termination "JackRudd won by resignation"]

1. e4 c5 2. Nf3 Nc6 3. d4 cxd4 4. Nxd4 Nf6 5. Nc3 d6 6. Bg5 g6 7. Bxf6 exf6 8. Qd2 f5 9. exf5 Bg7 10. Nxc6 b6 11.
Nxd8 Kxd8 12. Qxd6+ Bd7 13. O-O-O 1-0

[Event "Live Chess"]
[Site "Chess.com"]
[Date "2023.05.20"]
[Round "-"]
[White "domrobson"]
[Black "LiamBellwood"]
[Result "0-1"]
[WhiteElo "1726"]
[BlackElo "2117"]
[TimeControl "300"]
[EndTime "9:25:57 PDT"]
[Termination "LiamBellwood won by resignation"]

1. d4 e6 2. c4 f5 3. g3 Nf6 4. Bg2 Be7 5. Nf3 O-O 6. O-O d6 7. b3 a5 8. Bb2 Ne4 9. Nbd2 Nd7 10. Qc2 Ndf6 11. Nxe4 Nxe4 12. Nd2 d5 13. cxd5 exd5 14.
Rac1 Nxd2 15. Qxd2 c6 16. f3 Bg5 17. f4 Bf6 18. Bc3 Re8 19. Bf3 Qe7 20. Bxa5 Bxd4+ 21. Qxd4 Rxa5 22. a4 Qe3+ 23. Qxe3 Rxe3 24. Rb1 Be6 25.
Kf2 d4 26. Rfd1 c5 27. Rd3 Rxd3 28. exd3 b5 29. axb5 Rxb5 30. Bd1 Bd5 31. Ke2 Kf7 32. Kd2 h6 33. Bc2 Rb7 34. Bd1 g5 35. Rc1 Rb5 36.
h4 gxf4 37. gxf4 Kf6 38. Rb1 Ke6 39. Ra1 Rb6 40. Ra3 Kd6 41. Ke2 Rb7 42. Ra6+ Bc6 43.
Kd2 Kc7 44. Rxc6+ Kxc6 45. Bf3+ Kb6 46. Bxb7 Kxb7 47. Kc2 Kb6 48. Kb2 Kb5 49. Ka2 Kb4 50. Kb2 h5 51. Kc2 Ka3 52. Kd1 Kxb3 53. Kd2 Kb2 54. Ke2 Kc3 0-1

[Event "Live Chess"]
[Site "Chess.com"]
[Date "2023.05.20"]
[Round "-"]
[White "gmnorfolk"]
[Black "Singapourfeuj"]
[Result "1-0"]
[WhiteElo "2128"]
[BlackElo "2305"]
[TimeControl "300"]
[EndTime "9:26:07 PDT"]
[Termination "gmnorfolk won by checkmate"]

1. d4 Nf6 2. c4 g6 3. Nc3 Bg7 4. e4 d6 5. Be2 O-O 6. Be3 e5 7.
d5 c6 8. h4 cxd5 9. cxd5 a5 10. Qd2 Na6 11. h5 Nc5 12. f3 Nxh5 13. O-O-O Nf4 14. g3 Nxe2+ 15. Ngxe2 f5 16. Bxc5 dxc5 17. d6 Be6 18. Nd5 fxe4 19. Ne7+ Kf7 20. Rxh7 Rh8 21. Rdh1 Rxh7 22. Rxh7 Ra6 23. Qh6 Qxd6 24. Rxg7+ Ke8 25. Qh8+ Kd7 26. Nf5+ Kc6 27. Nxd6 Kxd6 28. fxe4 Kc6 29. Rxg6 Kb5 30. Qe8+ Kc4 31. Qxe6+ Rxe6 32. Rxe6 Kd3 33. Rxe5 Kxe2 34. Rxc5 Kf3 35. e5 Kxg3 36. e6 Kf3 37.
e7 Kf2 38. e8=Q Kf3 39. Rc7 Kg4 40. Rf7 Kh5 41. Qg8 Kh4 42. Rh7# 1-0

[Event "Live Chess"]
[Site "Chess.com"]
[Date "2023.05.20"]
[Round "-"]
[White "seabuck"]
[Black "Ian-Morley"]
[Result "1-0"]
[WhiteElo "1830"]
[BlackElo "1044"]
[TimeControl "300"]
[EndTime "9:26:29 PDT"]
[Termination "seabuck won by resignation"]

1. d4 e5 2. dxe5 Nc6 3. Nf3 Qe7 4. g3 Qb4+ 5. c3 Qe7 6. Bf4 d5 7. exd6 cxd6 8. Bg2 Nf6 9. Nbd2 g6 10. Nc4 b5 11.
Nxd6+ Kd8 12. Nxf7+ Ke8 13. Nxh8 Bg7 14. Nxg6 hxg6 15.
Qd6 Qxd6 16. Bxd6 Kd7 17. Bf4 Nd5 18. Ne5+ Kc7 19. Nxc6+ Kxc6 20. Rd1 Be6 21. O-O Rd8 22. Bg5 Rd7 23. e4 Kc5 24. exd5 Bxd5 25. Rxd5+ Rxd5 26.
Bxd5 Kxd5 27. Rd1+ Ke4 28. Kg2 a5 29. f3+ Kf5 30.
Rd5+ Ke6 31. Rxb5 1-0

[Event "Live Chess"]
[Site "Chess.com"]
[Date "2023.05.20"]
[Round "-"]
[White "hturner40"]
[Black "Supertromp"]
[Result "0-1"]
[WhiteElo "1865"]
[BlackElo "2163"]
[TimeControl "300"]
[EndTime "9:26:47 PDT"]
[Termination "Supertromp won on time"]

1. g3 d5 2. Nf3 Nf6 3. Bg2 g6 4. O-O Bg7 5. d4 O-O 6. c4 dxc4 7. Na3 Be6 8. Ng5 Bd5 9. e4 h6 10. exd5 hxg5 11. d6 c6 12. dxe7 Qxe7 13. Nxc4 Nd5 14.
Re1 Qd8 15. Qg4 Bf6 16. Ne5 Kg7 17. Be3 Nxe3 18. fxe3 Bxe5 19. dxe5 Qe7 20. Qd4 Kg8 21. Qd6 Re8 22. Rad1 Na6 23. Qd7 Nc5 24. Qxe7 Rxe7 25.
b4 Na6 26. b5 cxb5 27. Rd6 Nc5 28. Bd5 Kg7 29. Rf1 Rf8 30. Rc1 b6 31. Bc6 Rxe5 32.
Bxb5 Rxe3 33. Rf1 Re6 0-1